General information
- name: BNet
- type: Ladder team game (AT/RT)
- host: Battle.net
- saver: ChildrenOBelial
map: Deadlands
- players: 8
- length: 36:05
- speed: Fast
- version: 1.26 W3XP
- replay type: Public
» download(230 KB)
Players
team 1 (loser)
brasileiro_asa (
yellow | 139 APM | 2585 actions | 18:34)
3 Demon Hunter
1 Immolation
1 Evasion
1 Mana Burn
2 Keeper of the Grove
1 Entangling Roots
1 Thorns Aura
» actions
| Assign group hotkey | 20 | |
| Basic commands | 514 | |
| Build / train | 90 | |
| ESC pressed | 3 | |
| Enter build submenu | 39 | |
| Enter hero's abilities submenu | 6 | |
| Give item / drop item | 1 | |
| Right click | 378 | |
| Select / deselect | 563 | |
| Select group hotkey | 875 | |
| Use ability | 96 | |
2585 total
» units
| Wisp | 25 | |
| Archer | 13 | |
| Faerie Dragon | 4 | |
| Chimaera | 5 | |
| Druid of the Talon | 6 | |
| Dryad | 4 | |
57 total
» upgrades
| Ultravision | 1 | |
| Strength of the Moon | 2 | |
| Improved Bows | 1 | |
| Moon Armor | 2 | |
| Marksmanship | 2 | |
| Strength of the Wild | 1 | |
| Well Spring | 1 | |
| Reinforced Hides | 1 | |
| Corrosive Breath | 1 | |
| Nature's Blessing | 1 | |
| Druid of the Talon Training | 1 | |
| Abolish Magic | 1 | |
15 total
» buildings
| Altar of Elders | 3 | |
| Moon Well | 8 | |
| Hunter's Hall | 1 | |
| Ancient of Wonders | 1 | |
| Ancient Protector | 8 | |
| Tree of Ages | 1 | |
| Ancient of War | 2 | |
| Tree of Life | 3 | |
| Ancient of Wind | 2 | |
| Chimaera Roost | 3 | |
| Tree of Eternity | 1 | |
| Ancient of Lore | 1 | |
34 total
» build order
00:20 Altar of Elders
00:25 Altar of Elders
00:29 Altar of Elders
00:35 Moon Well
01:27 Hunter's Hall
01:54 Moon Well
02:05 Ancient of Wonders
02:15 Moon Well
02:44 Ancient Protector
02:52 Ancient Protector
03:34 Tree of Ages
03:46 Moon Well
04:33 Ancient of War
04:36 Ancient of War
06:39 Moon Well
07:57 Tree of Life
08:00 Ancient Protector
08:19 Ancient Protector
10:45 Ancient Protector
10:45 Ancient Protector
11:21 Ancient of Wind
11:47 Ancient Protector
11:56 Ancient Protector
12:22 Chimaera Roost
12:24 Chimaera Roost
12:26 Chimaera Roost
12:43 Tree of Eternity
13:34 Ancient of Wind
14:29 Ancient of Lore
14:54 Moon Well
14:55 Moon Well
14:58 Moon Well
16:40 Tree of Life
17:04 Tree of Life
» items
| Moonstone | 1 | |
| Lesser Clarity Potion | 1 | |
| Dust of Appearance | 1 | |
| Potion of Healing | 2 | |
| Scroll of Town Portal | 1 | |
| Scroll of Protection | 1 | |
7 total
ComradeEnemy (
pink | 117 APM | 4230 actions | 36:04)
6 Archmage
3 Summon Water Elemental
2 Brilliance Aura
1 Mass Teleport
» actions
| Assign group hotkey | 123 | |
| Basic commands | 123 | |
| Build / train | 285 | |
| ESC pressed | 10 | |
| Enter build submenu | 129 | |
| Enter hero's abilities submenu | 6 | |
| Give item / drop item | 4 | |
| Right click | 1313 | |
| Select / deselect | 626 | |
| Select group hotkey | 1300 | |
| Use ability | 311 | |
4230 total
» units
| Peasant | 51 | |
| Footman | 20 | |
| Goblin Shredder | 4 | |
| Dragonhawk Rider | 12 | |
| Wisp | 14 | |
| Gryphon Rider | 9 | |
| Goblin Sapper | 2 | |
112 total
» upgrades
| Defend | 1 | |
| Backpack | 1 | |
| Masonry | 3 | |
| Ultravision | 1 | |
| Swords | 4 | |
| Animal War Training | 1 | |
| Storm Hammers | 1 | |
| Armor | 4 | |
| Cloud | 1 | |
17 total
» buildings
| Barracks | 1 | |
| Altar of Kings | 4 | |
| Farm | 10 | |
| Arcane Vault | 2 | |
| Town Hall | 5 | |
| Lumber Mill | 2 | |
| Keep | 8 | |
| Scout Tower | 59 | |
| Arcane Tower | 3 | |
| Guard Tower | 89 | |
| Blacksmith | 1 | |
| Castle | 7 | |
| Gryphon Aviary | 7 | |
| Ancient Protector | 4 | |
| Tree of Life | 2 | |
| Hunter's Hall | 2 | |
| Tree of Ages | 7 | |
| Moon Well | 20 | |
| Altar of Elders | 2 | |
235 total
» build order
00:11 Barracks
00:13 Altar of Kings
00:21 Farm
01:01 Farm
01:32 Farm
03:27 Farm
03:33 Arcane Vault
03:45 Farm
05:28 Town Hall
05:37 Lumber Mill
06:49 Keep
06:50 Keep
06:53 Scout Tower
06:57 Scout Tower
06:58 Scout Tower
07:00 Scout Tower
07:12 Scout Tower
07:15 Scout Tower
07:18 Arcane Tower
07:19 Arcane Tower
07:25 Guard Tower
07:26 Guard Tower
07:44 Guard Tower
07:45 Guard Tower
08:17 Blacksmith
08:31 Scout Tower
08:32 Scout Tower
08:33 Scout Tower
08:34 Scout Tower
08:37 Scout Tower
08:39 Scout Tower
08:41 Scout Tower
09:00 Scout Tower
09:01 Scout Tower
09:02 Scout Tower
09:04 Scout Tower
09:05 Scout Tower
09:08 Guard Tower
09:08 Guard Tower
09:26 Castle
09:26 Castle
09:32 Guard Tower
09:34 Guard Tower
09:34 Guard Tower
09:34 Guard Tower
09:36 Guard Tower
09:37 Guard Tower
09:37 Guard Tower
09:38 Guard Tower
09:38 Guard Tower
09:51 Guard Tower
11:17 Gryphon Aviary
11:19 Gryphon Aviary
11:20 Gryphon Aviary
11:26 Scout Tower
11:27 Scout Tower
11:28 Scout Tower
11:29 Scout Tower
11:31 Scout Tower
11:33 Scout Tower
11:58 Guard Tower
11:58 Guard Tower
11:58 Guard Tower
11:59 Guard Tower
11:59 Guard Tower
11:59 Guard Tower
12:02 Scout Tower
12:03 Scout Tower
12:03 Scout Tower
12:03 Scout Tower
12:04 Scout Tower
12:35 Guard Tower
12:35 Guard Tower
12:35 Guard Tower
12:39 Arcane Vault
12:41 Guard Tower
12:41 Guard Tower
12:41 Guard Tower
12:41 Guard Tower
12:42 Guard Tower
12:42 Guard Tower
12:42 Guard Tower
12:42 Guard Tower
12:43 Guard Tower
12:43 Guard Tower
14:28 Farm
14:52 Scout Tower
14:53 Scout Tower
14:57 Scout Tower
14:58 Scout Tower
14:59 Scout Tower
15:03 Scout Tower
15:04 Scout Tower
15:04 Scout Tower
15:05 Scout Tower
15:08 Scout Tower
15:32 Guard Tower
15:36 Scout Tower
16:03 Guard Tower
16:23 Guard Tower
16:24 Guard Tower
16:24 Guard Tower
16:24 Guard Tower
16:27 Scout Tower
16:32 Scout Tower
16:34 Guard Tower
16:34 Guard Tower
16:35 Guard Tower
16:35 Guard Tower
16:35 Guard Tower
16:44 Scout Tower
16:45 Scout Tower
16:46 Scout Tower
16:47 Scout Tower
16:50 Scout Tower
17:34 Guard Tower
17:34 Guard Tower
18:44 Scout Tower
18:44 Scout Tower
18:45 Scout Tower
18:45 Scout Tower
18:47 Scout Tower
18:55 Ancient Protector
18:57 Ancient Protector
18:58 Ancient Protector
18:59 Ancient Protector
19:09 Scout Tower
19:10 Scout Tower
19:10 Scout Tower
19:11 Scout Tower
19:17 Guard Tower
19:17 Guard Tower
19:19 Guard Tower
19:19 Guard Tower
19:21 Guard Tower
19:21 Guard Tower
19:22 Guard Tower
19:49 Guard Tower
19:49 Guard Tower
19:50 Guard Tower
19:50 Guard Tower
19:50 Guard Tower
19:51 Guard Tower
22:15 Keep
22:15 Keep
22:54 Town Hall
23:24 Altar of Kings
23:30 Town Hall
23:33 Town Hall
24:13 Tree of Life
25:50 Altar of Kings
26:34 Altar of Kings
26:49 Tree of Life
27:02 Scout Tower
27:04 Scout Tower
27:13 Scout Tower
27:24 Lumber Mill
28:02 Guard Tower
28:02 Guard Tower
28:06 Keep
28:06 Keep
28:07 Keep
28:33 Farm
28:35 Farm
28:38 Farm
28:53 Hunter's Hall
29:00 Tree of Ages
29:01 Tree of Ages
29:17 Moon Well
29:18 Moon Well
30:14 Moon Well
30:21 Moon Well
30:45 Castle
30:45 Castle
31:03 Moon Well
31:12 Moon Well
31:13 Moon Well
31:14 Moon Well
31:15 Moon Well
31:15 Moon Well
31:19 Hunter's Hall
31:21 Tree of Ages
31:21 Tree of Ages
32:01 Town Hall
32:16 Gryphon Aviary
32:18 Gryphon Aviary
32:21 Gryphon Aviary
32:25 Gryphon Aviary
32:56 Moon Well
32:56 Moon Well
32:57 Moon Well
32:57 Moon Well
32:58 Moon Well
35:13 Moon Well
35:13 Moon Well
35:14 Moon Well
35:14 Moon Well
35:15 Moon Well
35:19 Altar of Elders
35:22 Altar of Elders
35:57 Farm
» items
| Scroll of Regeneration | 4 | |
| Scroll of Town Portal | 5 | |
| Staff of Sanctuary | 1 | |
| Mechanical Critter | 5 | |
15 total

»
MeBigNoob (
red | 40 APM | 757 actions | 18:45)
4 Priestess of the Moon
1 Searing Arrows
2 Trueshot Aura
1 Scout
» actions
| Assign group hotkey | 24 | |
| Build / train | 55 | |
| Enter build submenu | 16 | |
| Enter hero's abilities submenu | 4 | |
| Give item / drop item | 1 | |
| Right click | 316 | |
| Select / deselect | 208 | |
| Select group hotkey | 105 | |
| Use ability | 28 | |
757 total
» units
| Wisp | 15 | |
| Archer | 4 | |
| Glaive Thrower | 3 | |
| Dryad | 14 | |
36 total
» upgrades
| Strength of the Wild | 3 | |
| Reinforced Hides | 3 | |
| Abolish Magic | 1 | |
| Well Spring | 1 | |
| Vorpal Blades | 1 | |
9 total
» buildings
| Altar of Elders | 1 | |
| Moon Well | 8 | |
| Ancient of War | 1 | |
| Ancient of Wonders | 1 | |
| Hunter's Hall | 1 | |
| Tree of Ages | 1 | |
| Ancient of Lore | 2 | |
| Tree of Eternity | 1 | |
16 total
» build order
00:11 Altar of Elders
00:18 Moon Well
01:20 Ancient of War
01:45 Moon Well
02:16 Ancient of Wonders
03:17 Hunter's Hall
04:10 Tree of Ages
04:23 Moon Well
05:09 Moon Well
05:19 Moon Well
05:33 Moon Well
06:40 Ancient of Lore
06:46 Ancient of Lore
07:15 Tree of Eternity
15:19 Moon Well
15:27 Moon Well
» items
| Scroll of Town Portal | 1 | |
| Potion of Lesser Invulnerability | 1 | |
| Scroll of Healing | 1 | |
3 total

»
Baxerk (
purple | 57 APM | 526 actions | 09:10)
3 Demon Hunter
2 Mana Burn
1 Evasion
» actions
| Assign group hotkey | 14 | |
| Build / train | 31 | |
| ESC pressed | 1 | |
| Enter build submenu | 11 | |
| Enter hero's abilities submenu | 3 | |
| Right click | 212 | |
| Select / deselect | 105 | |
| Select group hotkey | 133 | |
| Use ability | 16 | |
526 total
» units
» upgrades
» buildings
| Altar of Elders | 1 | |
| Moon Well | 4 | |
| Ancient of Wonders | 1 | |
| Ancient of War | 1 | |
| Tree of Ages | 1 | |
| Hunter's Hall | 1 | |
| Tree of Life | 1 | |
| Tree of Eternity | 1 | |
| Ancient of Wind | 1 | |
12 total
» build order
00:28 Altar of Elders
00:36 Moon Well
02:12 Ancient of Wonders
02:29 Ancient of War
02:47 Moon Well
03:12 Tree of Ages
03:42 Moon Well
04:29 Hunter's Hall
05:36 Moon Well
06:50 Tree of Life
07:08 Tree of Eternity
07:11 Ancient of Wind
team 2 (winner)
JaJutNe (
blue | 36 APM | 1311 actions | 36:04)
7 Blood Mage
3 Flame Strike
3 Siphon Mana
1 Summon Phoenix
» actions
| Assign group hotkey | 31 | |
| Basic commands | 99 | |
| Build / train | 61 | |
| Enter build submenu | 22 | |
| Enter hero's abilities submenu | 7 | |
| Right click | 428 | |
| Select / deselect | 270 | |
| Select group hotkey | 355 | |
| Use ability | 38 | |
1311 total
» units
| Peasant | 12 | |
| Footman | 4 | |
| Rifleman | 4 | |
| Mortar Team | 1 | |
| Siege Engine | 12 | |
33 total
» upgrades
| Gunpowder | 3 | |
| Long Rifles | 1 | |
| Lumber Harvesting | 1 | |
| Masonry | 2 | |
| Plating | 3 | |
| Barrage | 1 | |
11 total
» buildings
| Altar of Kings | 1 | |
| Barracks | 1 | |
| Farm | 15 | |
| Blacksmith | 1 | |
| Scout Tower | 4 | |
| Keep | 1 | |
| Arcane Vault | 1 | |
| Lumber Mill | 1 | |
| Arcane Tower | 1 | |
| Guard Tower | 2 | |
| Workshop | 2 | |
| Castle | 2 | |
| Town Hall | 1 | |
33 total
» build order
00:07 Altar of Kings
00:27 Barracks
00:31 Farm
01:02 Farm
01:35 Farm
02:34 Blacksmith
02:38 Farm
03:00 Scout Tower
03:02 Scout Tower
03:07 Keep
03:21 Scout Tower
03:37 Arcane Vault
04:22 Lumber Mill
04:34 Arcane Tower
05:21 Guard Tower
05:40 Workshop
06:15 Farm
06:21 Scout Tower
06:24 Farm
06:25 Farm
06:59 Workshop
07:03 Guard Tower
08:52 Castle
08:53 Castle
12:34 Farm
12:39 Farm
12:40 Farm
12:41 Farm
12:42 Farm
12:43 Farm
14:58 Farm
23:46 Town Hall
BleedingFetus (
orange | 38 APM | 1074 actions | 28:25)
7 Blademaster
3 Wind Walk
3 Critical Strike
1 Bladestorm
» actions
| Assign group hotkey | 17 | |
| Basic commands | 32 | |
| Build / train | 64 | |
| Enter build submenu | 15 | |
| Enter hero's abilities submenu | 7 | |
| Give item / drop item | 1 | |
| Remove unit from queue | 1 | |
| Right click | 557 | |
| Select / deselect | 295 | |
| Select group hotkey | 35 | |
| Use ability | 50 | |
1074 total
» units
| Peon | 12 | |
| Troll Headhunter/Berserker | 9 | |
| Wind Rider | 7 | |
| Demolisher | 2 | |
| Troll Batrider | 9 | |
39 total
» upgrades
| Ranged Weapons | 3 | |
| Armor | 3 | |
| Troll Regeneration | 1 | |
| Berserker Upgrade | 1 | |
| Envenomed Spears | 1 | |
| Spiked Barricades | 1 | |
| Liquid Fire | 1 | |
11 total
» buildings
| Altar of Storms | 1 | |
| Orc Burrow | 7 | |
| Barracks | 2 | |
| Voodoo Lounge | 1 | |
| War Mill | 1 | |
| Stronghold | 1 | |
| Beastiary | 2 | |
| Fortress | 1 | |
16 total
» build order
00:05 Altar of Storms
00:07 Orc Burrow
01:00 Barracks
01:25 Voodoo Lounge
01:59 War Mill
02:39 Orc Burrow
03:50 Barracks
04:17 Orc Burrow
05:38 Orc Burrow
05:40 Orc Burrow
06:23 Stronghold
07:56 Orc Burrow
07:59 Orc Burrow
09:10 Beastiary
09:13 Beastiary
10:34 Fortress
» items
ChildrenOBelial (
green | 59 APM | 2113 actions | 36:05)
8 Blademaster
3 Wind Walk
3 Critical Strike
1 Bladestorm
1 Mirror Image
» actions
| Assign group hotkey | 44 | |
| Basic commands | 343 | |
| Build / train | 73 | |
| Enter build submenu | 45 | |
| Enter hero's abilities submenu | 8 | |
| Give item / drop item | 3 | |
| Right click | 772 | |
| Select / deselect | 335 | |
| Select group hotkey | 363 | |
| Use ability | 125 | |
2113 total
» units
| Peon | 8 | |
| Grunt | 4 | |
| Goblin Shredder | 1 | |
| Troll Batrider | 7 | |
| Wind Rider | 11 | |
31 total
» upgrades
| Ranged Weapons | 3 | |
| Armor | 3 | |
| Troll Regeneration | 1 | |
| Liquid Fire | 1 | |
| Reinforced Defenses | 1 | |
| Envenomed Spears | 1 | |
10 total
» buildings
| Orc Burrow | 8 | |
| Altar of Storms | 1 | |
| Barracks | 1 | |
| Voodoo Lounge | 2 | |
| Stronghold | 1 | |
| War Mill | 1 | |
| Great Hall | 2 | |
| Watch Tower | 20 | |
| Fortress | 1 | |
| Beastiary | 5 | |
42 total
» build order
00:16 Orc Burrow
00:56 Altar of Storms
00:57 Barracks
01:06 Orc Burrow
01:43 Voodoo Lounge
01:48 Voodoo Lounge
02:49 Stronghold
03:39 War Mill
03:41 Orc Burrow
05:25 Great Hall
05:30 Watch Tower
05:31 Watch Tower
05:31 Watch Tower
06:55 Watch Tower
06:58 Watch Tower
07:00 Watch Tower
07:03 Watch Tower
08:43 Fortress
09:25 Beastiary
10:09 Beastiary
10:13 Beastiary
11:03 Watch Tower
11:05 Watch Tower
11:16 Watch Tower
11:16 Watch Tower
14:02 Watch Tower
14:03 Watch Tower
14:07 Watch Tower
14:08 Watch Tower
14:59 Watch Tower
15:00 Watch Tower
15:02 Watch Tower
15:06 Watch Tower
15:07 Watch Tower
19:14 Great Hall
19:20 Orc Burrow
19:22 Orc Burrow
21:30 Beastiary
21:30 Beastiary
21:34 Orc Burrow
21:34 Orc Burrow
22:21 Orc Burrow
» items
| Healing Salve | 5 | |
| Lesser Clarity Potion | 4 | |
| Scroll of Town Portal | 4 | |
| Potion of Healing | 2 | |
| Potion of Mana | 2 | |
| Staff of Teleportation | 1 | |
| Orb of Lightning | 1 | |
19 total

»
12348765 (
teal | 45 APM | 1350 actions | 29:59)
8 Priestess of the Moon
3 Trueshot Aura
3 Searing Arrows
1 Scout
1 Starfall
» actions
| Assign group hotkey | 39 | |
| Basic commands | 307 | |
| Build / train | 71 | |
| Enter build submenu | 16 | |
| Enter hero's abilities submenu | 8 | |
| Right click | 393 | |
| Select / deselect | 383 | |
| Select group hotkey | 62 | |
| Use ability | 70 | |
1350 total
» units
| Wisp | 19 | |
| Archer | 29 | |
| Glaive Thrower | 2 | |
50 total
» upgrades
| Strength of the Moon | 3 | |
| Moon Armor | 2 | |
| Improved Bows | 1 | |
| Marksmanship | 1 | |
7 total
» buildings
| Altar of Elders | 1 | |
| Moon Well | 7 | |
| Ancient of War | 2 | |
| Ancient of Wonders | 2 | |
| Tree of Ages | 1 | |
| Hunter's Hall | 2 | |
| Tree of Life | 2 | |
| Tree of Eternity | 1 | |
18 total
» build order
00:10 Altar of Elders
00:14 Moon Well
01:46 Ancient of War
01:50 Ancient of War
01:56 Moon Well
01:59 Moon Well
03:10 Ancient of Wonders
03:28 Ancient of Wonders
04:24 Tree of Ages
04:31 Hunter's Hall
04:37 Hunter's Hall
06:09 Tree of Life
06:42 Moon Well
06:53 Moon Well
08:07 Moon Well
08:11 Tree of Eternity
14:06 Moon Well
19:23 Tree of Life
» items
| Scroll of Town Portal | 2 | |
| Potion of Healing | 1 | |
3 total
Chat log
(00:07 / All) ChildrenOBelial: IT'S TRUE LOVE
(00:10 / All) ChildrenOBelial: IT'S TRUE LOVE
(00:17 / Allies) JaJutNe: hi team
(00:20 / Allies) JaJutNe: ^^
(00:27 / All) ComradeEnemy: SUDDENLY, YOU HAVE TO FIGHT
(00:29 / All) ComradeEnemy: FIRST YOUR COMRADE
(00:31 / All) ComradeEnemy: AND NOW YOUR ENEMY
(00:48 / All) JaJutNe: lol
(00:56 / All) ComradeEnemy: ONLY GOLDEN AND RED ECHOES REMAIN, LOVE HAS TURNED HATE AND PRIDE INTO DISDAIN
(01:37 / Allies) JaJutNe: units?
(01:44 / Allies) JaJutNe: me rifler tanks
(02:59 / Allies) ChildrenOBelial: Gold, pals?
(03:00 / Allies) ChildrenOBelial: Lumber?
(03:56 / Allies) ChildrenOBelial: Gold brothers?
(04:05 / Allies) ChildrenOBelial: Gold pals?
(04:07 / Allies) ChildrenOBelial: Thank you brother
(04:10 / Allies) ChildrenOBelial: From the bottom of my heart
(04:12 / Allies) JaJutNe: np
(04:17 / Allies) JaJutNe: lol
(07:40 / Allies) ChildrenOBelial: Lumber?
(08:46 / Allies) ChildrenOBelial: lumber
(09:04 / All) ChildrenOBelial: I love pathfinding on here
(09:10 / All) ChildrenOBelial: dumbass shreddar
(09:16 / All) ComradeEnemy: You made him rage out
(09:28 / All) JaJutNe: lol?
(10:22 / Allies) BleedingFetus: b
(11:45 / Allies) BleedingFetus: gold plz
(13:30 / All) 12348765: fucking idiots
(13:59 / All) JaJutNe: lol mass archer? ^^
(15:41 / Allies) BleedingFetus: tp
(16:25 / All) 12348765: mass tower bitches
(16:31 / All) JaJutNe: leave motherfuckers
(16:31 / Allies) BleedingFetus: lets gogo
(16:40 / All) ComradeEnemy: Not over yet
(17:00 / Allies) 12348765: lol
(17:39 / All) JaJutNe: gogogo
(18:42 / Allies) BleedingFetus: haha
(18:51 / All) 12348765: noobs
(18:56 / Allies) BleedingFetus: just for shits
(19:01 / All) ComradeEnemy: Still not yet over
(19:39 / Allies) BleedingFetus: HES GOING TO HAVE SOME BIG SHITTY TOWER SHIT
(19:41 / Allies) BleedingFetus: whjoops
(19:47 / All) JaJutNe: hahahaahh he can suck dick
(19:50 / Allies) 12348765: exp make all
(20:24 / All) JaJutNe: lol seriously man do you have any hope? ^^
(20:39 / Allies) BleedingFetus: lol
(20:42 / Allies) BleedingFetus: knew it
(20:51 / Allies) ChildrenOBelial: wut
(20:58 / Allies) BleedingFetus: big tower def shitt
(20:59 / All) JaJutNe: lol
(21:54 / All) JaJutNe: suck dick
(21:57 / All) JaJutNe: motherfucker
(23:05 / All) JaJutNe: gold pls
(23:20 / All) ComradeEnemy: hero trade
(23:22 / Allies) BleedingFetus: lol
(24:25 / All) JaJutNe: gold pls guys!
(24:34 / All) ComradeEnemy: Keep begging
(24:39 / All) JaJutNe: yeeeeah man
(24:45 / All) JaJutNe: still not over the match!!!!!
(24:45 / All) ComradeEnemy: Is something wrong?
(24:48 / All) ComradeEnemy: why aren't you winning?
(24:58 / All) ComradeEnemy: What's wrong buddy?
(24:59 / All) BleedingFetus: lol dude
(25:00 / All) ComradeEnemy: What's wrong?
(25:04 / All) ComradeEnemy: Why aren't you shit talking anymore?
(25:06 / All) ComradeEnemy: What is happening?
(25:10 / All) ComradeEnemy: What's wrong man?
(25:15 / All) BleedingFetus: u thinkwe give a shit
(25:22 / All) ComradeEnemy: Yes, you're still here
(25:23 / All) BleedingFetus: had billions o this crap befoer
(25:24 / All) JaJutNe: lol green???
(25:32 / All) ComradeEnemy: What's wrong bro?
(25:38 / All) ComradeEnemy: Why aren't you shit talking, blue?
(25:42 / Allies) JaJutNe: wtf????
(25:47 / Allies) JaJutNe: green attacks me!!!!
(25:56 / Allies) JaJutNe: wtf man ???
(26:03 / Allies) JaJutNe: he killed my hero also
(26:14 / Allies) JaJutNe: fucking kidding me bastard?
(26:40 / Allies) JaJutNe: i was the one who gave u wood before
(26:48 / Allies) JaJutNe: you stupid bitch ass nigger
(27:30 / Allies) JaJutNe: wtf green man hahaha
(27:33 / Allies) JaJutNe: u are so stupid
(27:42 / Allies) 12348765: b noob
(27:51 / Allies) BleedingFetus: yawn
(27:53 / Allies) JaJutNe: teal!!!!!
(27:57 / All) 12348765: orc so big noob
(28:06 / Allies) JaJutNe: attack there!!!!!!
(28:31 / Allies) 12348765: fu all i go lose
(28:39 / Allies) JaJutNe: omg u are both sooooooo stupid hahhahhahahh
(28:51 / Allies) 12348765: no time for xomosexs
(29:11 / All) JaJutNe: ahhhahhahh thats crazy man they are teamkilling and killing themselves i never seen crazy shit like that before
(29:25 / All) ComradeEnemy: Why aren't you shit talking anymore bro?
(29:27 / All) ComradeEnemy: What's wrong?
(29:55 / All) JaJutNe: HAHHHHAHAAHAHAHAH
(29:57 / All) JaJutNe: HAHHHHAA
(29:59 / All) ComradeEnemy: Are you having as much fun as I am, blue?
(30:02 / All) JaJutNe: hahahhhhahahhhah
(30:09 / All) JaJutNe: im fucking stoned and laughing my ass off
(30:16 / All) JaJutNe: about people with 0,0 IQ
(31:18 / Allies) JaJutNe: lol green
(31:25 / Allies) JaJutNe: what went wrong in ur childhood?
(31:32 / Allies) JaJutNe: did ur father fuck ur ass too deep?
(31:38 / Allies) JaJutNe: without vaseline?
(31:43 / Allies) ChildrenOBelial: Are you a psychologist?
(31:49 / Allies) JaJutNe: and ur moms a niggerfucking crackbitch
(31:52 / Allies) JaJutNe: yes i am
(32:02 / Allies) JaJutNe: and ur mother is crackbitch of the year
(32:13 / Allies) ChildrenOBelial: how much do you charge
(32:15 / All) JaJutNe: lol so funny
(33:04 / All) JaJutNe: green i bet 1000 dollars on pink fuck you because u were stupid and let him get big again
(33:14 / All) JaJutNe: i go smoke i cigarette, until then u are dead
(33:14 / All) ChildrenOBelial: Wow
(33:19 / All) ChildrenOBelial: You should be an oddsmaker
(33:25 / All) ChildrenOBelial: I'm destroying my base and you bet on the other guy
(33:27 / All) ChildrenOBelial: Jeez man
(33:28 / All) JaJutNe: no
(33:45 / All) JaJutNe: i am "the-your-mother-deep-in-the-asshole-penetrater"
(33:56 / All) ChildrenOBelial: Deep in the asshole penetrater?
(34:01 / All) ChildrenOBelial: What does that even mean?
(35:30 / All) ChildrenOBelial: is there a shortcut to cancel last shift queue without redoing it all?
(35:37 / All) ComradeEnemy: don't think so
(35:38 / All) ComradeEnemy: unfortunately
(35:45 / All) ChildrenOBelial: yeah it's mighty annoying